 Dungeon Crawl Stone Soup version 0.32-a0-928-g1cae6b7ea0 (webtiles) character file.

Game seed: 694901756613889495

240 ezpacito the Trooper (level 6, -8/48 HPs)
             Began as a Coglin Chaos Knight on Apr 12, 2024.
             Was a Plaything of Xom.
             Killed by divine providence
             ... invoked by an orc priest
              (14 damage)
             ... on level 4 of the Dungeon on Apr 13, 2024.
             The game lasted 00:04:59 (2998 turns).

ezpacito the Trooper (Coglin Chaos Knight)          Turns: 2998, Time: 00:05:00

Health: -8/48      AC:  8    Str: 13    XL:     6   Next: 8%
Magic:  7/7        EV: 12    Int: 10    God:    Xom [..*...]
Gold:   73         SH:  0    Dex: 18    Spells: 7/7 levels left

rFire   + . .        a - +0 hand axe (chaos) {Quintus}
rCold   . . .        e - staff of fire {Hajoon}
rNeg    . . .        p - +2 robe of Inevitability {rPois Archmagi}
rPois   +            (no helmet)
rElec   .            (no cloak)
rCorr   .            n - +0 pair of gloves
SInv    .            (no boots)
Will    .....        (amulet unavailable)
Stlth   ++           (ring unavailable)
HPRegen 0.28/turn    (ring unavailable)
MPRegen 0.10/turn    (no gizmo)

%: archmagi
@: fugue, revved
A: off-hand wielding, slow wielding, warmup strikes, no jewellery, iridescent
scales 1, agile 1, shaggy fur 1
a: Invent Gizmo, Renounce Religion


You were on level 4 of the Dungeon.
You worshipped Xom.
You were a toy of Xom.
You visited 1 branch of the dungeon, and saw 4 of its levels.

You collected 138 gold pieces.
You spent 65 gold pieces at shops.

Inventory:

Hand Weapons
 a - a +0 hand axe of chaos (weapon) {Quintus}
Missiles
 b - 3 curare-tipped darts
 f - 12 poisoned darts (quivered)
 k - 7 boomerangs
Armour
 n - a +0 pair of gloves (worn)
 p - the +2 robe of Inevitability (worn) {rPois Archmagi}
   (You found it on level 2 of the Dungeon)

   rPois:     It protects you from poison.
   Archmagi:  It increases the power of your magical spells.
Magical Staves
 e - a staff of fire (offhand) {Hajoon}
Talismans
 d - a serpent talisman
Wands
 o - a wand of warping (4)
Scrolls
 c - a scroll of enchant armour {unknown}
 g - a scroll of blinking {unknown}
 j - a scroll of enchant weapon {unknown}
 l - a scroll of noise {unknown}
 m - a scroll of immolation {unknown}
 t - a scroll of teleportation
 u - a scroll of fog {unknown}
Potions
 h - a potion of haste
 i - a potion of enlightenment {unknown}
 q - a potion of curing
 r - 3 potions of lignification
 s - 2 potions of attraction {unknown}


   Skills:
 * Level 3.8 Fighting
 * Level 3.7(4.0) Axes
 * Level 1.6(2.7) Polearms
 * Level 2.5 Armour
 * Level 2.3 Dodging
 + Level 1.1 Stealth
 + Level 1.0 Spellcasting
 + Level 1.4 Evocations


You had 7 spell levels left.
You didn't know any spells.
Your spell library was empty.

Dungeon Overview and Level Annotations

Branches:
Dungeon (4/15)
 Temple: D:4-7

Altars:

Shops:
D:1 ([=*   D:2 !   D:3 ?


Innate Abilities, Weirdness & Mutations

You can wield a second weapon in your off-hand.
It takes a long time for you to wield or remove held weapons.
Your first few attacks do less damage.
You cannot equip rings or amulets.
You are partially covered in iridescent scales. (AC +2)
You are agile. (Dex +4, Str/Int -1)
You are covered in fur. (AC +1)


Message History

The orc wizard is moderately wounded.
You hit the orc wizard with your staff of fire.
The orc wizard hits you with a +0 dagger.
The orc priest hits you but does no damage.
You take 1 damage, and have 35/48 hp.
You barely miss the orc wizard with your +0 hand axe of chaos.
The orc wizard is severely wounded.
You barely miss the orc wizard with your staff of fire.
The orc wizard casts a spell at you. The magic dart hits you.
The orc priest calls down the wrath of Beogh upon you.
Beogh smites you!
You take 17 damage, and have 18/48 hp.
MASSIVE DAMAGE!!
The orc wizard's magic is no longer disrupted.
The orc wizard hits you but does no damage.
The orc priest hits you with a +0 trident.
Things that are here:
a +0 club; a +0 ring mail; an orc corpse You take 2 damage, and have 16/48 hp.
You hit the orc priest with your staff of fire.
The orc priest is lightly wounded.
You hit the orc priest with your +0 hand axe of chaos.
You burn the orc priest.
You hit the orc wizard with your +0 hand axe of chaos.
You feel better.
The wailing of tortured souls fills the air!
The orc wizard casts a spell.
The orc wizard flickers and vanishes!
The orc priest calls down the wrath of Beogh upon you.
Beogh smites you!
* * * LOW HITPOINT WARNING * * *
Something hits you but does no damage.
You take 10 damage, and have 6/48 hp.
MASSIVE DAMAGE!!
You miss something with your staff of fire.
You hit something with your +0 hand axe of chaos.
You hit the orc priest with your +0 hand axe of chaos.
You freeze the orc priest.
The orc priest calls down the wrath of Beogh upon you.
Beogh smites you!
You die...

#............ #............
##########...#####.
#............# #............#
...#####.#
#............#######'#........#.
#............+ .... '..........
#............###o#####........#
#.>..o.......'.@{....+........#
#....{o......###.#####........#
#............# #.#####........##
#####+######## #.##..'.........#
#.##.##.......#.#
#.##.#####..†##.# #....#
#.#†.#.# ###### #.##...#
..###..#


You could see an orc priest.

Vanquished Creatures
  A black bear (D:3)
  2 adders
  3 gnolls (D:3)
  4 dart slugs
  3 ribbon worms (D:3)
  5 orcs
  7 ball pythons
  4 bats
  9 endoplasms
  2 giant cockroaches (D:2)
  2 goblins (D:2)
  6 hobgoblins
  13 jackals
  7 kobolds
  A quokka (D:1)
  6 frilled lizards
  4 rats
79 creatures vanquished.

Vanquished Creatures (others)
  A goblin (D:3)
1 creature vanquished.

Grand Total: 80 creatures vanquished

Notes
Turn   | Place    | Note
-------+----------+-------------------------------------------
     0 | D:1      | ezpacito the Coglin Chaos Knight began the quest for the
                  | Orb.
     0 | D:1      | Reached XP level 1. HP: 18/18 MP: 1/1
    36 | D:1      | Found Waciliga's Antique Armour Shoppe.
    81 | D:1      | Reached skill level 1 in Dodging
   110 | D:1      | Reached XP level 2. HP: 24/24 MP: 2/2
   240 | D:1      | Found Tolon's Jewellery Emporium.
   264 | D:1      | XOM: silly message
   274 | D:1      | Found Foneumao's Assorted Antiques.
   315 | D:1      | Reached XP level 3. HP: 28/29 MP: 3/3
   319 | D:1      | XOM: silly message
   495 | D:1      | Found Fiqy's Weapon Shoppe.
   508 | D:1      | XOM: silly message
   767 | D:1      | XOM: silly message
   825 | D:1      | Saving game... please wait.
   872 | D:2      | Found Jotyfiza's Distillery.
   877 | D:2      | Bought a potion of degeneration for 13 gold pieces
  1033 | D:2      | XOM: divination: detect creatures
  1048 | D:2      | Identified the +2 robe of Inevitability {rPois Archmagi}
  1102 | D:2      | Reached skill level 1 in Polearms
  1174 | D:2      | Reached XP level 4. HP: 27/35 MP: 4/4
  1260 | D:2      | XOM: cloud trail
  1280 | D:2      | XOM: god gift: forked copper wand {god gift}
  1720 | D:2      | XOM: silly message
  1806 | D:3      | XOM: cast spell 'Cause Fear'
  1815 | D:3      | Reached skill level 1 in Evocations
  1876 | D:3      | Noticed a black bear
  1892 | D:3      | Killed a black bear
  1893 | D:3      | Reached XP level 5. HP: 13/42 MP: 4/6
  1917 | D:3      | Reached skill level 1 in Spellcasting
  1935 | D:3      | XOM: silly message
  1939 | D:3      | XOM: noise
  2008 | D:3      | Reached skill level 1 in Stealth
  2022 | D:3      | XOM: summons 3 hostile demons
  2180 | D:3      | Found Astaesok's Magic Scroll Boutique.
  2184 | D:3      | Bought a scroll of identify for 26 gold pieces
  2184 | D:3      | Bought a scroll of identify for 26 gold pieces
  2368 | D:3      | XOM: give mutations
  2368 | D:3      | Gained mutation: You are agile. (Dex +4, Str/Int -1) [Xom's
                  | mischief]
  2368 | D:3      | Gained mutation: You are partially covered in iridescent
                  | scales. (AC +2) [Xom's mischief]
  2530 | D:3      | Reached XP level 6. HP: 48/48 MP: 7/7
  2724 | D:4      | XOM: smoke on damage
  2734 | D:4      | XOM: give mutation
  2734 | D:4      | Gained mutation: You are covered in fur. (AC +1) [Xom's
                  | mischief]
  2953 | D:4      | XOM: noise
  2982 | D:4      | XOM: cast spell 'Fugue of the Fallen'
  2998 | D:4      | Killed from afar by an orc priest

Illustrated notes

Levels and vault maps discovered:
D:1:      dpeg_arrival_erosion, layout_basic, serial_shops,
          nicolae_shop_advertising_works [nicolae_subvault_shop_adworks],
          nicolae_shop_tiny_glass, nicolae_shop_tiny_glass,
          nicolae_shop_real_fake_doors, chequers_arboretum,
          grunt_decor_junction, minmay_door_square
D:2:      kennysheep_big_flooded_room, layout_basic, serial_shops, shop
D:3:      layout_loops_ring, serial_shops, nicolae_shop_back_alley_shop
D:4:      layout_basic, minmay_misc_feat_cross

Skill      XL: |  1  2  3  4  5 |
---------------+----------------+-----
Dodging        | 1 2 |  2.3
Armour         | 2 |  2.5
Polearms       | 1 |  1.6
Evocations     | 1 |  1.4
Spellcasting   | 1 |  1.0
Stealth        | 1 |  1.1
Fighting       | |  3.8
Axes           | |  3.7

Action                     |  1- 3 |  4- 6 || total
---------------------------+-------+-------++-------
  Melee: Hand axe          |    75 |   120 ||   195
         Dagger            |    35 |       ||    35
         Staff             |    38 |   106 ||   144
    Use: Potion            |       |     3 ||     3
         Scroll            |       |     4 ||     4
   Stab: Confused          |       |     2 ||     2
         Petrified         |       |     4 ||     4
 Armour: Leather armour    |    52 |     1 ||    53
         Robe              |       |   101 ||   101
  Dodge: Dodged            |    44 |    87 ||   131

Table legend: (Time is in decaauts)
 A = Elapsed time spent in this place.
 B = Non-inter-level travel time spent in this place.
 C = Inter-level travel time spent in this place.
 D = Time resting spent in this place.
 E = Time spent auto-exploring this place.
 F = Levels seen in this place.
 G = Mean time per level.
                   A        B        C        D        E       F      G
               +--------+--------+--------+--------+--------+-----+--------+
         Total |   3024 |   2879 |    145 |      9 |   2298 |   4 |  756.0 |
       Dungeon |   3024 |   2879 |    145 |      9 |   2298 |   4 |  756.0 |
               +--------+--------+--------+--------+--------+-----+--------+

Top non-repeatable levels by time:
     D:2: 950 daAuts
     D:3: 908 daAuts
     D:1: 863 daAuts
     D:4: 302 daAuts
